 Dungeon Crawl Stone Soup version 0.31.0-9-g3a7656b989 (webtiles) character file.

Game seed: 4614393890280202651

129 qw the Shooter (level 4, -2/22 HPs)
             Began as a Spriggan Hunter on Feb 2, 2024.
             Slain by a gnoll
             ... wielding a +0 spear
              (6 damage)
             ... on level 4 of the Dungeon.
             The game lasted 00:00:09 (2984 turns).

qw the Shooter (Spriggan Hunter)                    Turns: 2984, Time: 00:00:10

Health: -2/22      AC:  2    Str:  7    XL:     4   Next: 88%
Magic:  5/5        EV: 20    Int: 10    God:
Gold:   119        SH:  0    Dex: 20    Spells: 3/3 levels left

rFire   . . .        a - +2 shortbow
rCold   . . .        (shield currently unavailable)
rNeg    . . .        c - +0 robe
rPois   .            (helmet restricted)
rElec   .            (no cloak)
rCorr   .            (gloves unavailable)
SInv    +            (boots unavailable)
Will    .....        (no amulet)
Stlth   ++           (no ring)
HPRegen 0.23/turn    (no ring)
MPRegen 0.09/turn

%: no passive effects
@: very quick
A: very small, no large weapons, unfitting armour, see invisible, speed 3
a: no special abilities


You were on level 4 of the Dungeon.
You visited 1 branch of the dungeon, and saw 4 of its levels.

You collected 119 gold pieces.


Innate Abilities, Weirdness & Mutations

You are very small and have problems with some larger weapons.
You are too small for most types of armour.
You have supernaturally acute eyesight. (SInv)
You cover ground extremely quickly. (Speed+++)


   Skills:
 + Level 1.5 Fighting
 - Level 5.2 Ranged Weapons
 - Level 5.2 Dodging
 - Level 1.5 Stealth


You had 3 spell levels left.
You didn't know any spells.
Your spell library was empty.

Inventory:

Hand Weapons
 a - a +2 shortbow (weapon)
Armour
 c - a +0 robe (worn)
Scrolls
 d - a scroll of enchant armour
Potions
 b - a potion of curing
 e - a potion of enlightenment
 h - a potion of haste

Dungeon Overview and Level Annotations

Branches:
Dungeon (4/15)
 Temple: D:4-7

Altars:
Ashenzari


Message History

The arrow hits the gnoll.
The gnoll is heavily wounded.
The gnoll misses you. The iguana misses you.
You shoot an arrow.
The arrow hits the iguana but does no damage.
The iguana is moderately wounded.
The gnoll hits you from afar with a +0 spear.
The iguana closely misses you.
You shoot an arrow.
The arrow hits the iguana but does no damage.
The iguana is moderately wounded.
The gnoll hits you from afar with a +0 spear!
The iguana misses you.
You shoot an arrow. The arrow completely misses the iguana.
The arrow hits the gnoll.
The gnoll is almost dead.
The gnoll barely misses you.
The iguana bites you but does no damage.
The iguana misses you.
You shoot an arrow. The arrow barely misses the iguana.
The arrow hits the gnoll.
The gnoll is lightly wounded.
The iguana misses you. The gnoll completely misses you.
You shoot an arrow. The arrow hits the iguana!
The iguana is severely wounded.
The gnoll misses you. The iguana closely misses you.
You shoot an arrow. The arrow hits the iguana.
You kill the iguana!
The gnoll barely misses you.
Your Dodging skill increases to level 5!
You shoot an arrow. The arrow hits the gnoll.
The gnoll is moderately wounded.
The gnoll completely misses you. The gnoll hits you with a +0 club!
You shoot an arrow. The arrow closely misses the gnoll.
The arrow hits the gnoll.
The gnoll is moderately wounded.
The gnoll barely misses you. The gnoll completely misses you.
You shoot an arrow. The arrow barely misses the gnoll. x2
The gnoll hits you from afar with a +0 spear.
You die...

### #<#
#.# #.#
#.# #@#
#g#
#gg..[.#
#......#
......[..
.......#.
........#
........#
.....#####


You could see 3 gnolls.

Vanquished Creatures
  An iguana (D:4)
  An orc wizard (D:3)
  2 adders
  A ribbon worm (D:2)
  5 orcs (D:3)
  5 ball pythons
  5 bats
  6 endoplasms
  4 giant cockroaches
  3 hobgoblins
  A quokka (D:3)
  2 frilled lizards
  4 goblins
  6 kobolds
  7 rats
53 creatures vanquished.

Notes
Turn   | Place    | Note
-------+----------+-------------------------------------------
     0 | D:1      | qw the Spriggan Hunter began the quest for the Orb.
     0 | D:1      | Reached XP level 1. HP: 10/10 MP: 2/2
     0 | D:1      | 0 ||| qw: Version: 0.3-a-155-g5e7d8dd
     0 | D:1      | 0 ||| qw: Game counter: 1218
     0 | D:1      | 0 ||| qw: Melee chars always use a shield: true
     0 | D:1      | 0 ||| qw: God list: Okawaru
     0 | D:1      | 0 ||| qw: Allow faded altars: false
     0 | D:1      | 0 ||| qw: Do Orc after clearing Dungeon:15 true
     0 | D:1      | 0 ||| qw: Do second Lair branch before Depths: true
     0 | D:1      | 0 ||| qw: Lair rune preference: random
     0 | D:1      | 0 ||| qw: Goals: Normal
     0 | D:1      | 0 ||| PLANNING D:1-11
    58 | D:1      | Reached skill level 3 in Dodging
   273 | D:1      | Reached XP level 2. HP: 14/14 MP: 3/3
   917 | D:1      | 917 ||| READING scroll labelled TITIEH ERCHUO.
   917 | D:1      | 917 ||| IDENTIFYING purple potion
   918 | D:1      | 918 ||| DROPPING scroll of butterflies.
  1030 | D:2      | Found a faded altar of an unknown god.
  1130 | D:2      | Reached XP level 3. HP: 18/18 MP: 4/4
  1140 | D:2      | Found a broken altar of Ashenzari.
  1409 | D:2      | 1409 ||| FLEEEEING.
  1410 | D:2      | 1410 ||| FLEEEEING.
  1411 | D:2      | 1411 ||| FLEEEEING.
  1412 | D:2      | 1412 ||| FLEEEEING.
  1718 | D:2      | 1718 ||| READING scroll of identify.
  1718 | D:2      | 1718 ||| IDENTIFYING blue potion
  1719 | D:2      | 1719 ||| READING scroll labelled RUFUOH HOYDUMERGH.
  1720 | D:2      | 1720 ||| READING scroll labelled PUXTEU DAHEH.
  2141 | D:3      | Reached XP level 4. HP: 7/22 MP: 5/5
  2940 | D:3      | 2940 ||| READING 3 scrolls of identify.
  2940 | D:3      | 2940 ||| IDENTIFYING cyan potion
  2941 | D:3      | 2941 ||| READING 2 scrolls of identify.
  2941 | D:3      | 2941 ||| IDENTIFYING smoky cyan potion
  2942 | D:3      | 2942 ||| READING scroll of identify.
  2942 | D:3      | 2942 ||| IDENTIFYING scroll labelled ATHYOB RAERGH
  2943 | D:3      | 2943 ||| READING 2 scrolls labelled VINENUTUFF.
  2943 | D:3      | 2943 ||| ENCHANTING +0 shortbow.
  2944 | D:3      | 2944 ||| READING scroll of enchant weapon.
  2944 | D:3      | 2944 ||| ENCHANTING +1 shortbow.
  2945 | D:3      | 2945 ||| READING scroll labelled NINUZX BILEAL.
  2946 | D:3      | 2946 ||| DROPPING potion of berserk rage.
  2969 | D:4      | 2969 ||| RETREEEEATING.
  2982 | D:4      | HP: 4/22 [gnoll/+0 club (7)]
  2984 | D:4      | Slain by a gnoll

Levels and vault maps discovered:
D:1:      scummos_arrival_checkerplants, layout_basic
D:2:      layout_loops_corners, basic_altar, nicolae_ecumenical_oubliette,
          feat_on_display
D:3:      layout_basic, serial_aquarium, aquarium_bridge_straight
          [aquarium_subvault_bridge, aquarium_subvault_wall,
          aquarium_subvault_bridge, aquarium_subvault_window],
          aquarium_bridge_long_joined [aquarium_subvault_bridge,
          aquarium_subvault_bridge, aquarium_subvault_wall,
          aquarium_subvault_bridge, aquarium_subvault_wall,
          aquarium_subvault_window], aquarium_window_fake, aquarium_window_2,
          aquarium_window_corridor_3, aquarium_window_2, aquarium_view_2c,
          aquarium_pool_1, minmay_mini_jars
D:4:      layout_basic, kennysheep_little_box, mainiacjoe_overflow_alcove_1

Skill      XL: |  1  2  3  4 |
---------------+-------------+-----
Dodging        | 3 4 5 |  5.2
Ranged Weapons | 5 |  5.2
Fighting       | |  1.5
Stealth        | |  1.5

Action                     |  1- 3 |  4- 6 || total
---------------------------+-------+-------++-------
   Fire: Shortbow          |   103 |    54 ||   157
    Use: Scroll            |     4 |     6 ||    10
 Armour: Robe              |    11 |    10 ||    21
  Dodge: Dodged            |    26 |    50 ||    76

Table legend:
 A = Non-vault XP
 B = Vault XP
 C = Vault XP percentage of total XP
 D = Non-vault monster count
 E = Vault monster count
 F = Vault count percentage of total count
                 A         B        C        D         E       F
            +---------+---------+-------+---------+---------+-------
      Total |     155 |      30 |  16.2 |      43 |      10 |  18.9
            +---------+---------+-------+---------+---------+-------
        D:1 |      26 |       0 |   0.0 |      18 |       0 |   0.0
        D:2 |      39 |       0 |   0.0 |      15 |       0 |   0.0
        D:3 |      53 |      30 |  36.1 |       9 |      10 |  52.6
        D:4 |      37 |       0 |   0.0 |       1 |       0 |   0.0
            +---------+---------+-------+---------+---------+-------
